 Dungeon Sprint DCSS version 0.28.0-49-g6dfe1f597d (webtiles) character file.

Game seed: 12476786291714229293

5160 Zeld the Thaumaturge (level 10, -4/100 HPs)
             Began as a Purple Draconian Conjurer on May 15, 2022.
             Was a High Priest of Vehumet.
             Slain by a sun demon (13 damage)
             ... summoned by a kobold demonologist
             ... in the Dungeon (Sprint I: "Red Sonja").
             The game lasted 00:04:14 (1381 turns).

Zeld the Thaumaturge (Purple Draconian Conjurer)    Turns: 1381, Time: 00:04:14

Health: -4/100     AC:  7    Str:  5 (6)  XL:     10   Next: 33%
Magic:  17/18      EV: 13    Int: 18 (21) God:    Vehumet [*****.]
Gold:   310        SH:  0    Dex:  6 (7)  Spells: 23/34 levels left

rFire   . . .      SeeInvis .   (no weapon)
rCold   . . .      Faith    .   (no shield)
rNeg    . . .      Spirit   .   (armour unavailable)
rPois   .          Reflect  .   (helmet restricted)
rElec   .          Harm     .   (no cloak)
rCorr   .          Rampage  .   (no gloves)
Will    +....      Rage     9%  (no boots)
Stlth   .......... NoTele   +   (no amulet)
HPRegen 0.00/turn               (no ring)
MPRegen 0.16/turn               (no ring)

@: berserking, inhibited regen, unable to read, very quick
A: breathe power, AC +7, unfitting armour, cold-blooded, berserk 3, clumsy 1,
deterioration 2, dopey 1, frail 3, low MP 3, screaming 2, inhibited
regeneration, weak 2, subdued magic 3, inability to read while threatened,
devolution 1
a: Breathe Dispelling Energy, Renounce Religion


You were in the Dungeon.
You worshipped Vehumet.
Vehumet was extremely pleased with you.
You visited 1 branch You collected 812 gold pieces.
You spent 502 gold pieces at shops.

Inventory:

Wands
 e - a wand of iceblast (17)
Scrolls
 f - a scroll of blinking
 h - 2 scrolls of identify
 j - 2 scrolls of enchant armour
 k - a scroll of enchant weapon
 m - a scroll of amnesia {unknown}
Potions
 a - 3 potions of curing
 b - a potion of heal wounds
 c - a potion of haste
 d - 3 potions of magic
 g - a potion of flight
 l - a potion of cancellation
 n - a potion of ambrosia


   Skills:
 * Level 12.2 Fighting
 + Level 7.5 Dodging
 + Level 8.2 Stealth
 * Level 12.5 Spellcasting
 * Level 12.0 Conjurations
 - Level 2.4 Hexes
 - Level 2.0 Translocations
 * Level 11.3 Evocations


You had 23 spell levels left.
You knew the following spells:

 Your Spells              Type           Power      Damage    Failure   Level
a - Magic Dart            Conj           100%       1d8       0%          1
b - Searing Ray           Conj           56%        2d6       0%          2
c - Fulminant Prism       Conj/Hex       9%         3d7       1%          4
d - Iskenderun's Mystic   Conj/Tloc      19%        2d6       1%          4

Your spell library contained the following spells:

 Spells                   Type           Power      Damage    Failure   Level
 Static Discharge         Conj/Air       17%        N/A       1%          2
 Dazzling Flash           Conj/Hex       38%        N/A       1%          3
 Lee's Rapid Deconstruct  Erth           2%         3d6*      30%         5


Dungeon Overview and Level Annotations

Branches:
Dungeon (1/1)

Altars:
Cheibriados
Dithmenos
Elyvilon
Fedhas
Gozag
Hepliaklqana
Kikubaaqudgha
Makhleb
Nemelex Xobeh
Okawaru
Qazlal
Ru
Sif Muna
Trog
Uskayaw
Vehumet
Wu Jian
Xom
Yredelemnul
Zin
The Shining One
Jiyva
Lugonu

Shops:
D *[:?:[[


Innate Abilities, Weirdness & Mutations

You can breathe bolts of dispelling energy.
Your rich purple scales are hard. (AC +7)
You cannot fit into any form of body armour.
You are cold-blooded and may be slowed by cold attacks.
You have an uncontrollable temper.
You are clumsy. (Dex -2)
Your body often deteriorates upon taking damage.
You are dopey. (Int -2)
You are extremely frail. (-30% HP)
Your magical capacity is extremely low. (-30% MP)
You frequently scream uncontrollably at your foes.
You do not regenerate when monsters are visible.
You are very weak. (Str -4)
Your spells are much easier to cast, but much less powerful.
You sometimes lose the ability to read scrolls when taking damage.
You have hidden genetic defects.


Message History

The kobold demonologist is moderately wounded.
The kobold demonologist hits you with a +0 dagger.
The hellwing completely misses you.
The hellwing hits you but does no damage.
Unknown command.
You barely miss the kobold demonologist.
Your punch misses the kobold demonologist.
The kobold demonologist is moderately wounded.
The sun demon hits you.
You are engulfed in flames!
You feel threatened and lose the ability to read scrolls!
Your body deteriorates!
You feel clumsy.
The kobold demonologist hits you but does no damage.
The kobold demonologist closely misses you.
The hellwing closely misses you. The hellwing barely misses you.
You closely miss the kobold demonologist.
Your tail-slap misses the kobold demonologist.
The kobold demonologist is moderately wounded.
The sun demon hits you!
Your body deteriorates!
You feel dopey.
You are engulfed in flames!
Your body deteriorates!
You feel dopey.
The kobold demonologist completely misses you.
You closely miss the kobold demonologist.
Your tail-slap misses the kobold demonologist.
The kobold demonologist is moderately wounded.
The kobold demonologist hits you but does no damage.
The hellwing hits you.
The hellwing hits you but does no damage.
The sun demon hits you!
* * * LOW HITPOINT WARNING * * *
You are engulfed in flames!
* * * LOW HITPOINT WARNING * * *
Your body deteriorates!
You feel dopey.
You are too berserk!
You closely miss the kobold demonologist.
The kobold demonologist is moderately wounded.
The kobold demonologist hits you with a +0 dagger.
* * * LOW HITPOINT WARNING * * *
The sun demon hits you!
You die...

#######################**********
#.)'..#..'..#__#3K3...#,,*,,,,+,,
)..#..)..#..'..4@K#...#*+*,****,,
#####'#####'#__####,..+,,*,*,***,
####..#...#.####,,***##,,+,*+*,**
#__####..##(#≈≈≈,,*,,**+****,,,*,
#_____##'#_.+≈≈≈,,+,,*,,,,,*,,,**
#_.∩...'..._#≈≈≈,,*,,*,,,,,+,,,,,
#_..__##_.#'##+###**+***,,,*,,,,,
#_____###'#.#(.).###,+,*,,,***++*
#########)####'###(##*,*,,***,,**


You could see a sun demon (summoned), a hellwing (summoned), 2 kobold
demonologists and a neqoxec (summoned).

Vanquished Creatures
  Sonja (D)
  A deep troll (D)
  8 shining eyes (D)
  A slime creature (D)
  Sigmund (D)
  A yak (D)
  5 floating eyes (D)
  An ogre (D)
  A jelly (D)
  Ijyb (D)
21 creatures vanquished.

Vanquished Creatures (others)
  2 ballistomycete spores (D)
  A fulminant prism (D)
3 creatures vanquished.

Grand Total: 24 creatures vanquished

Notes
Turn   | Place    | Note
-------+----------+-------------------------------------------
     0 | D        | Zeld the Draconian Conjurer began the quest for the Orb.
     0 | D        | Reached XP level 1. HP: 14/14 MP: 3/3
     3 | D        | Noticed Ijyb
    14 | D        | Killed Ijyb
    15 | D        | Reached XP level 2. HP: 24/25 MP: 0/6
    60 | D        | Learned a level 2 spell: Searing Ray
   213 | D        | Noticed an ogre
   218 | D        | Killed an ogre
   219 | D        | Reached XP level 3. HP: 34/34 MP: 1/9
   219 | D        | Reached XP level 4. HP: 41/41 MP: 1/10
   224 | D        | Learned a level 4 spell: Fulminant Prism
   229 | D        | Learned a level 4 spell: Iskenderun's Mystic Blast
   310 | D        | Noticed Sigmund
   320 | D        | Killed Sigmund
   321 | D        | Reached skill level 5 in Fighting
   321 | D        | Reached skill level 5 in Spellcasting
   321 | D        | Reached skill level 1 in Translocations
   321 | D        | Reached XP level 5. HP: 45/50 MP: 5/12
   388 | D        | Found an ornate altar of the Wu Jian Council.
   388 | D        | Found a shimmering blue altar of Sif Muna.
   390 | D        | Found a radiant altar of Vehumet.
   396 | D        | Became a worshipper of Vehumet
   399 | D        | Reached XP level 6. HP: 46/57 MP: 9/14
   484 | D        | Found Qerutria's Magic Scroll Emporium.
   484 | D        | Found an ancient bone altar of Kikubaaqudgha.
   484 | D        | Found a hazy altar of Hepliaklqana.
   484 | D        | Found a stormy altar of Qazlal.
   484 | D        | Found a hide-covered altar of Uskayaw.
   484 | D        | Found a blossoming altar of Fedhas.
   484 | D        | Found a bloodstained altar of Trog.
   484 | D        | Found an iron altar of Okawaru.
   484 | D        | Found a basalt altar of Yredelemnul.
   484 | D        | Found a glowing golden altar of the Shining One.
   484 | D        | Found a snail-covered altar of Cheibriados.
   484 | D        | Found a sacrificial altar of Ru.
   484 | D        | Found a glowing silver altar of Zin.
   484 | D        | Found a shadowy altar of Dithmenos.
   484 | D        | Found a white marble altar of Elyvilon.
   484 | D        | Noticed a yak
   491 | D        | Killed a yak
   492 | D        | Found an opulent altar of Gozag.
   493 | D        | Found a sparkling altar of Nemelex Xobeh.
   497 | D        | Bought a scroll of identify for 20 gold pieces
   497 | D        | Bought a scroll of identify for 20 gold pieces
   497 | D        | Bought a scroll of identify for 20 gold pieces
   497 | D        | Bought a scroll of identify for 20 gold pieces
   497 | D        | Bought a scroll of identify for 20 gold pieces
   497 | D        | Bought a scroll of magic mapping for 35 gold pieces
   497 | D        | Bought a scroll of enchant armour for 75 gold pieces
   497 | D        | Bought a scroll of enchant weapon for 75 gold pieces
   559 | D        | Found a burning altar of Makhleb.
   559 | D        | Found a viscous altar of Jiyva.
   559 | D        | Found a shimmering altar of Xom.
   559 | D        | Found a corrupted altar of Lugonu.
   559 | D        | Noticed a slime creature
   570 | D        | Killed a slime creature
   570 | D        | Reached * piety under Vehumet
   570 | D        | Offered knowledge of Shock by Vehumet.
   571 | D        | Reached skill level 5 in Stealth
   571 | D        | Reached skill level 5 in Evocations
   571 | D        | Your scales start taking on a rich purple colour.
   571 | D        | Reached XP level 7. HP: 46/66 MP: 1/18
   681 | D        | Noticed Sonja
   685 | D        | Killed Sonja
   686 | D        | Reached skill level 5 in Dodging
   686 | D        | Reached XP level 8. HP: 63/77 MP: 17/21
   958 | D        | Noticed a deep troll
   968 | D        | Killed a deep troll
   969 | D        | Reached skill level 10 in Spellcasting
  1122 | D        | Found Kaimaamm's Armour Emporium.
  1141 | D        | Found Ginoxoj's General Store.
  1149 | D        | Bought a scroll of enchant armour for 105 gold pieces
  1149 | D        | Bought a potion of magic for 112 gold pieces
  1153 | D        | Noticed a shining eye
  1153 | D        | Noticed a shining eye
  1153 | D        | Noticed a shining eye
  1153 | D        | Noticed a shining eye
  1153 | D        | Noticed a shining eye
  1153 | D        | Noticed a shining eye
  1155 | D        | Paralysed by a floating eye for 4 turns
  1155 | D        | Gained mutation: Your body sometimes deteriorates upon
                  | taking damage. [a shining eye]
  1156 | D        | Gained mutation: You are weak. (Str -2) [a shining eye]
  1158 | D        | Gained mutation: You are very weak. (Str -4) [a shining
                  | eye]
  1158 | D        | Gained mutation: You sometimes lose the ability to read
                  | scrolls when taking damage. [a shining eye]
  1159 | D        | Offered knowledge of Poisonous Vapours by Vehumet.
  1159 | D        | Reached ** piety under Vehumet
  1159 | D        | Noticed a shining eye
  1159 | D        | Lost mutation: You are very weak. (Str -4) [a shining eye]
  1159 | D        | Noticed a shining eye
  1160 | D        | Reached skill level 10 in Conjurations
  1160 | D        | Gained mutation: You have hidden genetic defects. [a
                  | shining eye]
  1160 | D        | Paralysed by a floating eye for 3 turns
  1160 | D        | Gained mutation: You are very weak. (Str -4) [a shining
                  | eye]
  1162 | D        | Gained mutation: You occasionally shout uncontrollably at
                  | your foes. [a shining eye]
  1164 | D        | Gained mutation: You are agile. (Dex +2) [a shining eye]
  1164 | D        | Gained mutation: You have terrible hidden genetic defects.
                  | [a shining eye]
  1166 | D        | Killed a shining eye
  1167 | D        | Reached skill level 10 in Fighting
  1167 | D        | Reached XP level 9. HP: 86/86 MP: 9/23
  1167 | D        | Paralysed by a floating eye for 3 turns
  1170 | D        | Killed a shining eye
  1170 | D        | Reached *** piety under Vehumet
  1170 | D        | Killed a shining eye
  1170 | D        | Gained mutation: Your magical capacity is low. (-10% MP) [a
                  | shining eye]
  1170 | D        | Gained mutation: You tend to lose your temper in combat.
                  | [hidden defects]
  1171 | D        | Reached skill level 10 in Evocations
  1172 | D        | Killed a shining eye
  1172 | D        | Reached **** piety under Vehumet
  1172 | D        | Gained mutation: You do not regenerate when monsters are
                  | visible. [a shining eye]
  1172 | D        | Gained mutation: Your body often deteriorates upon taking
                  | damage. [a shining eye]
  1174 | D        | Gained mutation: You are frail. (-10% HP) [a shining eye]
  1174 | D        | Gained mutation: Your spells are a little easier to cast,
                  | but a little less powerful. [a shining eye]
  1174 | D        | Lost mutation: Your body often deteriorates upon taking
                  | damage. [a shining eye]
  1175 | D        | Gained mutation: Your magical capacity is very low. (-20%
                  | MP) [a shining eye]
  1176 | D        | Gained mutation: You are dopey. (Int -2) [a shining eye]
  1177 | D        | Gained mutation: You are very frail. (-20% HP) [a shining
                  | eye]
  1177 | D        | Gained mutation: Your spells are easier to cast, but less
                  | powerful. [a shining eye]
  1177 | D        | Gained mutation: Your body often deteriorates upon taking
                  | damage. [a shining eye]
  1178 | D        | Gained mutation: You often lose your temper in combat. [a
                  | shining eye]
  1179 | D        | Lost mutation: You often lose your temper in combat. [a
                  | shining eye]
  1179 | D        | Gained mutation: You often lose your temper in combat. [a
                  | shining eye]
  1182 | D        | Gained mutation: You have an uncontrollable temper. [hidden
                  | defects]
  1182 | D        | Lost mutation: You have terrible hidden genetic defects.
                  | [hidden defects expressed]
  1186 | D        | Gained mutation: You are very dopey. (Int -4) [a shining
                  | eye]
  1188 | D        | Gained mutation: Your magical capacity is extremely low.
                  | (-30% MP) [a shining eye]
  1189 | D        | Lost mutation: You are agile. (Dex +2) [a shining eye]
  1190 | D        | Gained mutation: You frequently scream uncontrollably at
                  | your foes. [a shining eye]
  1191 | D        | Gained mutation: You are extremely frail. (-30% HP) [a
                  | shining eye]
  1193 | D        | Gained mutation: Potions are less effective at restoring
                  | your health. [a shining eye]
  1193 | D        | Gained mutation: Your spells are much easier to cast, but
                  | much less powerful. [a shining eye]
  1195 | D        | Gained mutation: You are clumsy. (Dex -2) [a shining eye]
  1196 | D        | Killed a shining eye
  1196 | D        | Killed a shining eye
  1197 | D        | Reached XP level 10. HP: 67/67 MP: 6/18
  1198 | D        | Killed a shining eye
  1201 | D        | Killed a shining eye
  1207 | D        | Lost mutation: You sometimes lose the ability to read
                  | scrolls when taking damage. [potion of mutation]
  1207 | D        | Lost mutation: Potions are less effective at restoring your
                  | health. [potion of mutation]
  1207 | D        | Lost mutation: You are very dopey. (Int -4) [potion of
                  | mutation]
  1212 | D        | Gained mutation: You sometimes lose the ability to read
                  | scrolls when taking damage. [hidden defects]
  1308 | D        | Found Porghiema's Book Shop.
  1308 | D        | Found Voeqyth's Book Emporium.
  1308 | D        | Found Ustyihy's Antique Armour Boutique.
  1309 | D        | Found Boac Wug's Antique Armour Shoppe.
  1372 | D        | Offered knowledge of Static Discharge by Vehumet.
  1372 | D        | Reached ***** piety under Vehumet
  1377 | D        | Noticed a sun demon
  1381 | D        | Slain by a sun demon

Illustrated notes

Levels and vault maps discovered:
D:        dungeon_sprint_1 [red_sonja_temple_1, red_sonja_temple_small_1]

Skill      XL: |  1  2  3  4  5  6  7  8  9 10 |
---------------+-------------------------------+-----
Fighting       | 2 4 5 6 7 8 10 11 12 | 12.2
Dodging        | 2 3 4 5 6 7 |  7.5
Stealth        | 2 3 4 5 6 7 8 |  8.2
Spellcasting   | 3 4 5 8 9 10 12 | 12.5
Conjurations   | 6 7 8 9 10 11 12 | 12.0
Hexes          | 2 |  2.4
Translocations | 1 2 |  2.0
Evocations     | 3 5 7 9 10 11 | 11.3

Action                   |  1- 3 |  4- 6 |  7- 9 | 10-12 || total
-------------------------+-------+-------+-------+-------++-------
Melee: Unarmed           |     7 |       |     4 |     8 ||    19
       Tailslap          |     1 |       |       |     1 ||     2
       Punch             |       |       |     1 |       ||     1
 Cast: Magic Dart        |     3 |     1 |       |       ||     4
       Searing Ray       |     1 |     7 |     4 |     3 ||    15
       Iskenderun's Myst |       |       |    12 |       ||    12
       Fulminant Prism   |       |       |     1 |       ||     1
Evoke: Wand              |     1 |       |       |       ||     1
  Use: Potion            |     1 |       |       |     1 ||     2
       Scroll            |       |     1 |       |     4 ||     5
Armor: Skin              |       |       |     1 |     7 ||     8
Dodge: Dodged            |     5 |     9 |     6 |     8 ||    28
